 Dungeon Crawl Stone Soup version 0.17.2-1-ge4368a0 (webtiles) character file.

1096 Goblin1989 the Insei (level 8, -17/39 HPs)
             Began as a Spriggan Transmuter on Jan 7, 2017.
             Was an Initiate of Cheibriados.
             Demolished by an orc warrior
             ... wielding a +0 mace
              (24 damage)
             ... on level 6 of the Dungeon on Jan 9, 2017.
             The game lasted 00:31:04 (9937 turns).

Goblin1989 the Insei (Spriggan Transmuter)          Turns: 9937, Time: 00:31:04

Health: -17/39     AC:  2    Str:  7    XL:     8   Next: 10%
Magic:  11/16      EV: 25    Int: 15    God:    Cheibriados [......]
Gold:   91         SH:  0    Dex: 25    Spells: 4 memorised, 7 levels left

rFire  . . .     SeeInvis +       - Unarmed
rCold  . . .     Clarity  .     (armour currently unavailable)
rNeg   . . .     SustAt   .     (shield currently unavailable)
rPois  .         Gourm    .     (helmet currently unavailable)
rElec  .         Spirit   .     (cloak currently unavailable)
rCorr  .         Warding  .     (gloves unavailable)
rMut   .         Stasis   .     (boots unavailable)
MR     +....                    (no amulet)
Stlth  ++........               u - ring of wizardry
                                o - ring of poison resistance

@: spider-form, very slow, somewhat resistant to hostile enchantments,
unstealthy
A: unfitting armour, see invisible, herbivore 3, (speed 0), slow metabolism 2
a: End Transformation, Bend Time, Renounce Religion


You were on level 6 of the Dungeon.
You worshipped Cheibriados.
Cheibriados was noncommittal.
You were not hungry.
You were a venomous arachnid creature.
You visited 2 branches of the dungeon, and saw 7 of its levels.

You collected 300 gold pieces.
You spent 209 gold pieces at shops.

Inventory:

Missiles
 a - 39 arrows
 w - 7 needles of sleeping
Armour
 b - a +0 robe (melded)
Jewellery
 o - a ring of poison resistance (left front leg)
 u - a ring of wizardry (right front leg)
 x - a ring of protection from fire {unknown}
Wands
 s - a wand of cold (1)
Scrolls
 d - 3 scrolls of remove curse {unknown}
 e - 6 scrolls of identify {unknown}
 g - 3 scrolls of noise {unknown}
 h - a scroll of teleportation {unknown}
 i - a scroll of fog {unknown}
 j - a scroll of enchant weapon {unknown}
 k - a scroll of enchant armour {unknown}
 r - 3 scrolls of random uselessness {unknown}
 y - a scroll of amnesia {unknown}
Potions
 f - a potion of mutation {unknown}
 l - 4 potions of curing {@q1}
 m - a potion of brilliance {unknown}
 n - a potion of lignification {!q}
 p - 4 potions of heal wounds {!q, @q2}
 t - a potion of resistance {unknown}
 A - a potion of invisibility
 C - a potion of cancellation {unknown}
Books
 c - a book of Changes

   Spells                             Type                      Level
   a - Beastly Appendage              Transmutation                1
   b - Sticks to Snakes               Transmutation                2
   c - Spider Form                    Transmutation/Poison         3
   d - Ice Form                       Ice/Transmutation            4
   e - Blade Hands                    Transmutation                5
 v - a Young Poisoner's Handbook

   Spells                             Type                      Level
   a - Sting                          Conjuration/Poison           1
   b - Cure Poison                    Poison                       2
   c - Mephitic Cloud                 Conjuration/Poison/Air       3
   d - Olgreb's Toxic Radiance        Poison                       4
   e - Venom Bolt                     Conjuration/Poison           5
 z - a book of the Sky

   Spells                             Type                      Level
   a - Summon Lightning Spire         Summoning/Air                4
   b - Airstrike                      Air                          4
   c - Silence                        Hexes/Air                    5
   d - Deflect Missiles               Charms/Air                   6
   e - Conjure Ball Lightning         Conjuration/Air              6
   f - Tornado                        Air                          9
Comestibles
 q - a bread ration {@e1}


   Skills:
 - Level 2.4 Fighting
 - Level 4.9 Dodging
 - Level 6.0 Unarmed Combat
 + Level 5.0 Spellcasting
 - Level 4.9 Transmutations
 * Level 2.1 Air Magic


You had 7 spell levels left.
You knew the following spells:

 Your Spells              Type           Power        Failure   Level  Hunger
a - Beastly Appendage     Trmt           ###...       3%          1    None
b - Sticks to Snakes      Trmt           ###.......   4%          2    ##.....
c - Spider Form           Trmt/Pois      ##........   17%         3    ###....
d - Airstrike             Air            ##........   61%         4    ####...


Dungeon Overview and Level Annotations

Branches:
Dungeon (6/15)             Temple (1/1) D:5

Altars:
Ashenzari
Cheibriados
Dithmenos
Fedhas
Gozag
Kikubaaqudgha
Nemelex Xobeh
Qazlal
Ru
Trog
Zin
Lugonu

Shops:
D:5 !

Annotations:
D:3 Robin, Sigmund
D:6 dscm's ghost, novice HOFi


Innate Abilities, Weirdness & Mutations

You are tiny and cannot use many weapons and most armour.
You have supernaturally acute eyesight.
You are a herbivore.
((You cover ground extremely quickly.))
You need consume almost no food.


Message History

You now have 13/16 mp.
The orc warrior misses you.
You hit the orc warrior.
The orc warrior is poisoned.
The orc warrior is lightly wounded.
The orc warrior completely misses you.
You hit the orc warrior but do no damage.
The orc warrior looks even sicker.
The orc warrior is lightly wounded.
The orc warrior hits you with a mace!!
You take 18 damage, and have 21/39 hp.
MASSIVE DAMAGE!!
You hit the orc warrior.
The orc warrior is moderately wounded.
The orc warrior hits you with a mace!
* * * LOW HITPOINT WARNING * * *
You take 14 damage, and have 7/39 hp.
MASSIVE DAMAGE!!
The flow of time bends around you.
The orc warrior resists with some effort.
You feel slightly more hungry. The orc warrior hits you with a mace!!
Ouch! That really hurt!
You die...

............. .............█
..............███
..............).█
.$...................█.█
.....................█)█████
.....................█)█...█
................o....█.█.█.█
..............$.s....█.█.█.█
.....................█.....█
..............:......█..o..█
.....W.<............██..<..█
....................██.███.█
....................██[....█
.█.████.█.......████████████
█ █.█.█.███.██.....█
█.█...█...██.███.█


You could see an orc warrior.

Vanquished Creatures
  A water moccasin (D:5)
  2 orc warriors
  An ogre (D:5)
  A centaur (D:6)
  A scorpion (D:4)
  2 orc priests (D:6)
  5 worker ants
  An orc wizard (D:3)
  The ghost of dscm the Shield-Bearer, a weakling OpFi (D:5)
  A hound skeleton (D:4)
  2 gnolls (D:2)
  7 adders
  3 oozes
  4 adder skeletons
  An adder zombie (D:6)
  3 worms
  23 orcs
  13 goblins
  11 hobgoblins
  8 jackals
  A quokka (D:4)
  A ball python (D:2)
  9 bats
  10 giant cockroaches
  3 giant geckos
  12 giant newts
  8 kobolds
  A quokka skeleton (D:4)
  A quokka zombie (D:5)
  5 rats
142 creatures vanquished.

Vanquished Creatures (collateral kills)
  An ice beast (D:5)
  An ogre (D:5)
  A giant frog (D:4)
  A worker ant (D:4)
  A worm (D:2)
  A giant gecko (D:5)
  A bat (D:1)
7 creatures vanquished.

Vanquished Creatures (others)
  An orc wizard (D:5)
  A hound skeleton (D:5)
  2 orcs (D:5)
  A jackal skeleton (D:5)
5 creatures vanquished.

Grand Total: 154 creatures vanquished

Notes
Turn   | Place    | Note
--------------------------------------------------------------
     0 | D:1      | Goblin1989 the Spriggan Transmuter began the quest for the Orb.
     0 | D:1      | Reached XP level 1. HP: 9/9 MP: 5/5
     0 | D:1      | Noticed a vine stalker zombie
     0 | D:1      | Noticed a vine stalker zombie
     2 | D:1      | Noticed an elf zombie
     2 | D:1      | Noticed an elf zombie
     5 | D:1      | Noticed a draconian zombie
     7 | D:1      | Noticed a minotaur zombie
     8 | D:1      | Noticed a human zombie
    10 | D:1      | Noticed a minotaur zombie
    12 | D:1      | Noticed a draconian zombie
    12 | D:1      | Noticed a formicid zombie
    14 | D:1      | Noticed a troll zombie
    14 | D:1      | Noticed an elf zombie
    16 | D:1      | Noticed a formicid zombie
    20 | D:1      | Noticed a human zombie
   433 | D:1      | Reached XP level 2. HP: 9/14 MP: 4/6
   837 | D:1      | Reached XP level 3. HP: 11/17 MP: 6/8
  1081 | D:1      | Learned a level 2 spell: Sticks to Snakes
  1813 | D:2      | Reached skill level 4 in Unarmed Combat
  2468 | D:2      | Reached XP level 4. HP: 21/21 MP: 7/9
  3449 | D:3      | Noticed Robin
  3958 | D:3      | Reached skill level 1 in Fighting
  4152 | D:3      | Learned a level 3 spell: Spider Form
  4168 | D:3      | Reached XP level 5. HP: 11/25 MP: 10/10
  4407 | D:3      | Found an opulent altar of Gozag.
  5020 | D:3      | Noticed Sigmund
  5188 | D:4      | Found a shadowy altar of Dithmenos.
  5221 | D:4      | Reached skill level 5 in Unarmed Combat
  5533 | D:4      | Reached XP level 6. HP: 24/30 MP: 11/11
  6448 | D:4      | Found a stormy altar of Qazlal.
  6450 | D:4      | Noticed a fire elemental
  6451 | D:4      | Noticed a water elemental
  6451 | D:4      | Noticed an air elemental
  6727 | D:5      | Entered Level 5 of the Dungeon
  6761 | D:4      | HP: 1/30 [orc warrior/mace (22)]
  6769 | D:4      | Reached XP level 7. HP: 2/35 MP: 7/13
  7246 | D:5      | Found Oweholoj's Distillery.
  7554 | D:5      | Noticed dscm's ghost (weakling OpFi)
  7569 | D:5      | Killed dscm's ghost
  7760 | D:5      | Noticed a water moccasin
  7770 | D:5      | Killed a water moccasin
  8268 | D:5      | Bought a potion of heal wounds for 55 gold pieces
  8268 | D:5      | Bought a potion of invisibility for 88 gold pieces
  8268 | D:5      | Bought a potion of poison for 11 gold pieces
  8268 | D:5      | Bought a potion of heal wounds for 55 gold pieces
  8273 | D:5      | Learned a level 4 spell: Airstrike
  8325 | D:5      | Reached skill level 6 in Unarmed Combat
  8733 | D:5      | Found a staircase to the Ecumenical Temple.
  8742 | Temple   | Entered the Ecumenical Temple
  8765 | Temple   | Became a worshipper of Cheibriados the Contemplative
  8919 | D:6      | Noticed dscm's ghost (novice HOFi)
  9367 | D:6      | Reached skill level 1 in Air Magic
  9662 | D:5      | Reached XP level 8. HP: 16/39 MP: 9/16
  9867 | D:6      | Reached skill level 5 in Spellcasting
  9937 | D:6      | Demolished by an orc warrior

Action                   |  1- 3 |  4- 6 |  7- 9 || total
-------------------------+-------+-------+-------++-------
Melee: Unarmed           |   183 |   364 |    92 ||   639
 Cast: Beastly Appendage |    18 |    15 |     9 ||    42
       Sticks to Snakes  |     3 |    11 |    22 ||    36
       Spider Form       |       |     2 |     5 ||     7
Invok: Bend Time         |       |       |     1 ||     1
  Use: Potion            |     2 |       |       ||     2
 Stab: Sleeping          |     3 |     2 |       ||     5
       Distracted        |       |       |     1 ||     1
  Eat: Bread ration      |       |     1 |     1 ||     2

Vault maps used:
D:1:      shiori_arrival_whats_in_store_for_you
D:2:      serial_bayou_lagoon_a
D:3:      grunt_gozag_statues, uniq_robin, uniq_sigmund
D:4:      nicolae_dithmenos_shadow_blocks, first_bread,
          nicolae_qazlal_style_of_elements
D:5:      minmay_temple_entry_butterflies, serial_shops, shop,
          lemuel_flamethrower_2
D:6:      lemuel_ice_spiral_2, grunt_temple_overflow_open, serial_shops, shop,
          basic_altar
Temple:   corrupted_temple
